 Dungeon Crawl Stone Soup version 0.18-a0-1418-ga86aa8f (webtiles) character file.

392 Foomius the Grave Robber (level 6, -2/46 HPs)
             Began as a Demonspawn Necromancer on Feb 26, 2016.
             Was an Initiate of Okawaru.
             Slain by Menkaure (15 damage)
             ... on level 4 of the Dungeon.
             The game lasted 00:15:46 (4113 turns).

Foomius the Grave Robber (Demonspawn Necromancer)   Turns: 4113, Time: 00:15:47

Health: -2/46      AC:  8    Str:  8    XL:     6   Next: 50%
Magic:  0/12       EV: 10    Int: 19    God:    Okawaru [......]
Gold:   201        SH:  0    Dex: 13    Spells: 5 memorised, 1 level left

rFire  . . .     SeeInvis .     z - +0 rapier (flame)
rCold  . . .     Gourm    .     v - +2 leather armour {rPois}
rNeg   . . .     Faith    .     (no shield)
rPois  +         Spirit   +     (no helmet)
rElec  .         Dismiss  .     (no cloak)
rCorr  .         Reflect  .     (no gloves)
SustAt .         Harm     .     (no boots)
MR     .....                    x - amulet of guardian spirit
Stlth  ++........               (no ring)
                                (no ring)

@: not resistant to hostile enchantments, unstealthy
A: claws 1, icy blue scales 2, powered by death 1
a: Renounce Religion


You were on level 4 of the Dungeon.
You worshipped Okawaru.
Okawaru was noncommittal.
You were not hungry.

You visited 2 branches of the dungeon, and saw 5 of its levels.

You collected 201 gold pieces.

Inventory:

Hand Weapons
 a - a +0 dagger of venom
 b - a +0 flail
 z - a +0 rapier of flaming (weapon)
Missiles
 n - 5 curare-tipped needles
 r - 126 stones (quivered)
 G - a throwing net
Armour
 v - a +2 leather armour of poison resistance (worn)
Jewellery
 s - an uncursed amulet of magic regeneration {unknown}
 x - an amulet of guardian spirit (around neck)
Scrolls
 h - a scroll of fog {unknown}
 i - a scroll of fear
 l - 2 scrolls of noise
 m - a scroll of teleportation {unknown}
 p - 2 scrolls of identify {unknown}
 u - a scroll of immolation {unknown}
Potions
 d - a potion of heal wounds {unknown}
 e - 2 potions of curing {unknown}
 g - a potion of brilliance {unknown}
 j - a potion of beneficial mutation {unknown}
 k - a potion of might {unknown}
 q - a potion of agility {unknown}
Books
 y - a book of Necromancy

   Spells                             Type                      Level
   a - Pain                           Necromancy                   1
   b - Animate Skeleton               Necromancy                   1
   c - Vampiric Draining              Necromancy                   3
   d - Regeneration                   Charms/Necromancy            3
   e - Animate Dead                   Necromancy                   4
   f - Control Undead                 Necromancy                   4
Comestibles
 c - 2 bread rations
 f - 2 meat rations
 o - 3 beef jerkies
 t - a royal jelly
 w - a slice of pizza


   Skills:
 * Level 2.4 Fighting
 - Level 1.7 Dodging
 - Level 1.7 Stealth
 + Level 4.3 Spellcasting
 + Level 6.5 Necromancy


You had one spell level left.
You knew the following spells:

 Your Spells              Type           Power        Failure   Level  Hunger
a - Pain                  Necr           ####         1%          1    None
b - Animate Skeleton      Necr           N/A          1%          1    None
c - Control Undead        Necr           ####......   14%         4    ####...
g - Regeneration          Chrm/Necr      ###.......   17%         3    ###....
v - Vampiric Draining     Necr           ####......   4%          3    ###....


Dungeon Overview and Level Annotations

Branches:
Dungeon (4/15)             Temple (1/1) D:4

Altars:
Ashenzari
Cheibriados
Dithmenos
Elyvilon
Fedhas
Kikubaaqudgha
Nemelex Xobeh
Okawaru
Pakellas
Ru
Trog
Vehumet
Xom
Zin
The Shining One

Shops:
D:4 **

Annotations:
D:4 Dowan, Menkaure


Innate Abilities, Weirdness & Mutations

You have sharp fingernails.
You are mostly covered in icy blue scales (AC +3, EV -1).
You regenerate a little health from kills.


Message History

Dowan gestures wildly while chanting.
Dowan blinks!
Menkaure casts a spell at you.
You barely resist.
Things that are here:
a rapier of flaming; the elf corpse of Duvessa
z - a rapier of flaming Dowan mumbles some strange words.
Dowan blinks!
Wield which item (- for none, * to show all)? (? for menu, Esc to quit)
Your +0 dagger of venom stops dripping with poison.
It bursts into flame!
z - a +0 rapier of flaming (weapon)
Menkaure hits you!
* * * LOW HITPOINT WARNING * * *
Dowan says, "How can I live without her?"
You hit Menkaure. You burn Menkaure.
Menkaure is moderately damaged.
Menkaure hits you!
You die...

... ### .. ..## ..#...
###.#..# ....#..#
#....#
#####....########
..........eM@...#
###..#...######.###
.........######.#.### #
#.................#
.####....#.######.#.#.#
.........#.# #.#.#.#
.........#.# #.#.#.#
..........#.# #.#.#.#
..>.......#.# #.#.#.#


You could see Menkaure and Dowan.

Vanquished Creatures
  Duvessa (D:4)
  3 orc priests (D:3)
  An orc wizard (D:3)
  A hound skeleton (D:4)
  6 adders
  An ooze (D:2)
  2 worms (D:2)
  2 dart slugs (D:1)
  5 giant geckos
  8 orcs (D:3)
  8 bats
  4 giant cockroaches
  8 goblins
  9 hobgoblins
  4 jackals (D:4)
  A quokka (D:4)
  4 ball pythons
  5 giant newts
  7 kobolds
  9 rats
89 creatures vanquished.

Notes
Turn   | Place    | Note
--------------------------------------------------------------
     0 | D:1      | Foomius the Demonspawn Necromancer began the quest for the Orb.
     0 | D:1      | Reached XP level 1. HP: 13/13 MP: 3/3
   156 | D:1      | Reached skill level 1 in Fighting
   224 | D:1      | Gained mutation: You regenerate a little health from kills. [demonic ancestry]
   224 | D:1      | Reached XP level 2. HP: 16/21 MP: 1/5
  1106 | D:1      | Gained mutation: You are partially covered in icy blue scales (AC +1). [demonic ancestry]
  1106 | D:1      | Reached XP level 3. HP: 24/26 MP: 3/6
  1291 | D:2      | Found a faded altar to an unknown god.
  1345 | D:2      | Reached skill level 5 in Necromancy
  1416 | D:2      | Learned a level 3 spell: Vampiric Draining
  1812 | D:2      | Learned a level 3 spell: Regeneration
  1889 | D:2      | Gained mutation: You have sharp fingernails. [demonic ancestry]
  1889 | D:2      | Reached XP level 4. HP: 27/32 MP: 5/8
  2333 | D:2      | Found a white marble altar of Elyvilon.
  2618 | D:3      | Learned a level 1 spell: Animate Skeleton
  2697 | D:3      | Found an oddly glowing altar of Pakellas.
  2985 | D:3      | Gained mutation: You are mostly covered in icy blue scales (AC +3, EV -1). [demonic ancestry]
  2985 | D:3      | Reached XP level 5. HP: 34/37 MP: 5/10
  3091 | D:3      | Reached skill level 6 in Necromancy
  3307 | D:3      | Reached XP level 6. HP: 30/43 MP: 6/12
  3601 | D:4      | Found a staircase to the Ecumenical Temple.
  3605 | D:4      | Found Ocoufog's Assorted Antiques.
  3619 | Temple   | Entered the Ecumenical Temple
  3679 | Temple   | Became a worshipper of Warmaster Okawaru
  3690 | D:4      | Learned a level 4 spell: Control Undead
  3884 | D:4      | Found Zin's Purification Station.
  3888 | D:4      | Found a glowing silver altar of Zin.
  4088 | D:4      | Noticed Duvessa
  4101 | D:4      | Noticed Dowan
  4104 | D:4      | Noticed Menkaure
  4106 | D:4      | Killed Duvessa
  4113 | D:4      | Slain by Menkaure

Vault maps used:
D:1:      lightli_arrival_chessboard, grunt_decor_mini_mirrors, hex_medium
D:2:      lemuel_crystal_altar, ecumenical_altar_1
D:3:      overflow_temple_1_default
D:4:      corexii_shack_village, zin_purify, minmay_temple_entry_mist,
          serial_shops, shop, uniq_duvessa, uniq_natasha, uniq_menkaure
Temple:   nicolae_temple_x_marks_the_god

Skill      XL: |  1  2  3  4  5  6 |
---------------+-------------------+-----
Fighting       | 1 2 |  2.4
Necromancy     | 5 6 |  6.5
Spellcasting   | 3 4 |  4.3
Dodging        | |  1.7
Stealth        | |  1.7

Action                   |  1- 3 |  4- 6 || total
-------------------------+-------+-------++-------
Melee: Dagger            |    31 |    79 ||   110
       Unarmed           |     5 |       ||     5
       Flail             |       |     4 ||     4
       Rapier            |       |     1 ||     1
Throw: Stone             |    21 |     5 ||    26
 Cast: Pain              |    84 |    75 ||   159
       Vampiric Draining |       |     2 ||     2
       Control Undead    |       |     1 ||     1
  Use: Scroll            |       |     4 ||     4
 Stab: Sleeping          |       |     2 ||     2
  Eat: Chunk             |     3 |     8 ||    11
